Map: Ever Dream LE

Players

SortOf

  • Race: Zerg Zerg
  • Spawn Location: 7:00

Reynor - Winner!

  • Race: Zerg Zerg
  • Spawn Location: 1:00

Event: StayAtHomestory Cup #1

VOD

Have the link to the VOD?

Description

Time

  • Played on: April 10, 2020, 11:32 a.m.
  • Length: 9:27

All games in this series

Show
View Real Time Build Order
Export as new Build Order

SortOf Zerg 

Build Orders: Hatch First 

Get SALT Encoding   

  12  0:01  Drone  
  13  0:12  Overlord  
  13  0:17  Drone  
  14  0:31  Drone x2  
  16  0:47  Hatchery  
  15  0:51  Drone  
  15  0:55  Drone  
  17  0:58  Drone  
  18  1:09  Extractor  
  17  1:13  Spawning Pool  
  17  1:16  Drone  
  17  1:19  Drone  
  18  1:28  Drone  
  19  1:39  Drone  
  20  1:49  Drone  
  21  2:01  Queen x2  
  21  2:02  Overlord  
  21  2:04  Drone  
  26  2:12  Drone x2  
  26  2:13  Metabolic Boost  
  28  2:21  Zergling x2  
  28  2:22  Zergling x2  
  30  2:33  Drone  
  30  2:34  Hatchery  
  30  2:36  Drone  
  31  2:43  Overlord  
  31  2:45  Drone  
  32  2:53  Baneling Nest  
  32  2:54  Drone  
  32  2:57  Queen  
  34  3:01  Drone  
  34  3:04  Drone  
  36  3:06  Drone  
  36  3:11  Overlord  
  37  3:13  Drone  
  37  3:16  Drone  
  39  3:20  Drone  
  39  3:24  Zergling x2  
  39  3:26  Zergling x2  
  42  3:27  Drone x2  
  42  3:33  Drone  
  45  3:36  Evolution Chamber  
  45  3:37  Drone  
  45  3:43  Drone  
  45  3:46  Drone x2  
  45  3:47  Drone  
  48  3:49  Drone  
  48  3:52  Drone  
  48  3:53  Extractor  
  49  3:56  Zergling x2  
  49  3:58  Baneling x2, Roach Warren  
  49  4:01  Zergling x2  
  50  4:02  Zerg Missile Weapons Level 1  
  50  4:06  Drone  
  51  4:12  Drone  
  51  4:14  Drone  
  51  4:15  Queen  
  51  4:19  Spore Crawler, Drone x5  
  55  4:25  Overlord  
  55  4:27  Drone x3  
  55  4:30  Overlord  
  58  4:33  Overlord  
  58  4:36  Extractor  
  57  4:38  Lair  
  57  4:44  Drone x4  
  61  4:46  Drone  
  61  4:49  Drone  
  61  4:50  Pneumatized Carapace  
  61  4:51  Drone  
  64  4:54  Zergling x4  
  65  5:00  Queen  
  65  5:01  Zergling x2  
  65  5:02  Zergling x2  
  65  5:04  Baneling  
  65  5:05  Zergling x2  
  65  5:06  Zergling x2  
  65  5:07  Drone x2  
  73  5:13  Drone  
  74  5:20  Drone x2  
  76  5:21  Overlord  
  76  5:23  Drone x4  
  76  5:25  Extractor  
  76  5:26  Extractor, Baneling  
  78  5:30  Roach  
  78  5:34  Overlord  
  80  5:36  Drone  
  80  5:41  Roach  
  82  5:43  Roach  
  82  5:47  Hatchery  
  82  5:48  Roach x3  
  89  5:50  Overlord  
  89  5:51  Glial Reconstitution  
  89  5:54  Roach  
  89  5:55  Overlord  
  89  5:58  Overlord  
  89  6:01  Roach x3  
  89  6:03  Drone, Overlord  
  96  6:04  Drone  
  96  6:08  Overlord  
  97  6:14  Roach x6  
  107  6:19  Roach x2  
  111  6:26  Overlord  
  111  6:29  Drone x4  
  111  6:30  Overseer  
  115  6:33  Drone x3  
  118  6:42  Overlord  
  118  6:43  Unknown  
  118  6:44  Roach x2  
  118  6:46  Zerg Missile Weapons Level 2  
  121  6:49  Ravager x4, Roach x2  
  129  6:54  Overlord  
  129  6:55  Evolution Chamber  
  129  6:56  Roach x3  
  129  7:00  Overseer  
  134  7:01  Overlord  
  134  7:02  Roach x4  
  142  7:10  Roach x4  
  142  7:13  Overlord  
  142  7:14  Roach  
  142  7:15  Roach  
  154  7:19  Overlord  
  154  7:23  Zerg Ground Armor Level 1  
  154  7:25  Queen  
  154  7:27  Roach x4  
  161  7:36  Drone x5  
  163  7:40  Roach x2  
  163  7:41  Ravager  
  163  7:42  Ravager x2  
  168  7:46  Drone x4  
  168  7:48  Ravager x2  
  172  7:59  Roach x7  
  172  8:05  Overlord  
  182  8:08  Infestation Pit  
  182  8:09  Roach x3  
  187  8:18  Overseer  
  187  8:19  Overseer  
  185  8:27  Roach x7  
  191  8:34  Roach x4  
  191  8:36  Roach  
  183  8:42  Roach x4  
  166  8:50  Roach x6  
  152  9:03  Roach x4  
Show
View Real Time Build Order
Export as new Build Order

Reynor Zerg - Winner!

Build Orders: Hatch First 

Get SALT Encoding   

  12  0:00  Drone  
  13  0:12  Overlord  
  13  0:17  Drone  
  14  0:30  Drone x2  
  16  0:47  Hatchery  
  15  0:51  Drone  
  15  0:54  Drone  
  17  0:58  Drone  
  18  1:08  Extractor  
  17  1:13  Spawning Pool  
  17  1:16  Drone  
  17  1:19  Drone  
  18  1:28  Drone  
  19  1:38  Drone  
  20  1:49  Drone  
  21  2:00  Queen x2  
  26  2:01  Zergling x2  
  26  2:03  Overlord  
  26  2:11  Drone x2  
  26  2:13  Metabolic Boost  
  28  2:21  Drone  
  28  2:22  Drone  
  30  2:32  Hatchery  
  30  2:34  Drone  
  30  2:38  Drone  
  30  2:42  Drone  
  30  2:43  Drone  
  33  2:50  Baneling Nest  
  32  2:53  Overlord  
  32  2:56  Zergling x2  
  33  3:04  Zergling x4  
  35  3:07  Drone  
  35  3:09  Overlord  
  35  3:11  Drone x3  
  39  3:14  Zergling x2  
  39  3:19  Overlord  
  40  3:22  Evolution Chamber  
  40  3:23  Zergling x2  
  39  3:27  Drone  
  39  3:31  Drone  
  41  3:37  Drone  
  41  3:40  Drone x4  
  46  3:44  Baneling  
  46  3:46  Queen  
  46  3:47  Drone x2  
  50  3:51  Zerg Missile Weapons Level 1  
  50  3:54  Drone x2  
  52  3:56  Drone  
  52  4:00  Drone x2  
  55  4:04  Overlord  
  55  4:08  Drone x2  
  57  4:10  Drone  
  57  4:14  Extractor  
  57  4:15  Extractor  
  53  4:18  Drone x2  
  53  4:19  Drone, Roach Warren  
  53  4:21  Zergling x4  
  56  4:25  Lair  
  56  4:28  Zergling x4  
  56  4:30  Drone x2  
  60  4:32  Drone  
  61  4:39  Drone  
  61  4:42  Drone, Overlord  
  63  4:48  Drone  
  63  4:50  Drone  
  63  4:51  Pneumatized Carapace  
  63  4:52  Extractor  
  64  4:53  Drone x4  
  64  4:59  Drone  
  69  5:00  Drone  
  69  5:05  Drone x4  
  74  5:10  Extractor x2  
  74  5:12  Drone  
  74  5:14  Drone  
  73  5:17  Hatchery  
  72  5:22  Zergling x4  
  72  5:24  Glial Reconstitution, Drone x2  
  72  5:25  Overseer  
  72  5:26  Overlord  
  72  5:28  Drone x3  
  79  5:30  Drone  
  79  5:33  Roach  
  79  5:34  Baneling x2  
  79  5:35  Overlord  
  81  5:43  Overlord  
  81  5:45  Zerg Missile Weapons Level 2  
  81  5:47  Roach x4  
  88  5:51  Roach  
  88  5:53  Overlord  
  90  6:01  Evolution Chamber  
  90  6:03  Drone x5  
  94  6:05  Roach x6  
  94  6:09  Overlord  
  106  6:11  Roach  
  106  6:21  Roach x3  
  112  6:27  Overlord  
  112  6:28  Roach x3  
  112  6:29  Roach x2  
  112  6:31  Zerg Ground Armor Level 1  
  122  6:35  Queen  
  122  6:37  Roach x2  
  122  6:38  Overlord  
  128  6:45  Overlord  
  128  6:51  Roach x4  
  128  6:53  Burrow, Tunneling Claws  
  136  7:00  Roach  
  136  7:01  Roach x3  
  144  7:04  Overlord  
  144  7:05  Ravager x4  
  144  7:06  Ravager  
  144  7:07  Roach  
  151  7:10  Overlord  
  151  7:17  Roach  
  151  7:19  Overlord  
  152  7:23  Roach x4  
  160  7:30  Roach x4  
  168  7:41  Roach x5  
  175  7:44  Overlord  
  175  7:56  Overlord  
  175  8:03  Roach x12  
  175  8:06  Roach x4  
  175  8:10  Ravager, Overlord  
  175  8:11  Overlord  
  184  8:14  Overseer  
  192  8:20  Roach x4  
  192  8:28  Infestation Pit  
  192  8:29  Unknown  
  192  8:33  Roach x5  
  200  8:36  Roach  
  200  8:41  Roach x3  
  200  8:45  Roach x5  
  200  8:47  Roach x6  
  198  8:52  Roach x2  
  198  8:53  Roach x4  
  198  8:57  Roach x2  
  196  9:04  Roach x2  
  196  9:08  Roach x3  
  190  9:10  Hatchery  
Tags
 
Add a new tag
Caveats
  • Supply blocks, unpowered buildings, or Contaminate may cause inaccurate times.
  • Supply counts are checked every 10 seconds.